 Dungeon Crawl Stone Soup version 0.27-a0-951-gae3e1deef5 (webtiles) character file.

Game seed: 15141586169912093848

72 polve the Skirmisher (level 4, -4/37 HPs)
             Began as a Demonspawn Abyssal Knight on Apr 11, 2021.
             Was a Follower of Lugonu.
             Slain by an orc priest
             ... wielding a +0 dagger
              (5 damage)
             ... on level 2 of the Dungeon.
             The game lasted 00:02:44 (3160 turns).

polve the Skirmisher (Demonspawn Abyssal Knight)    Turns: 3160, Time: 00:02:45

Health: -4/37      AC:  4    Str: 12    XL:     4   Next: 6%
Magic:  5/5        EV: 11    Int: 14    God:    Lugonu [*.....]
Gold:   97         SH:  0    Dex: 13    Spells: 3/3 levels left

rFire    . . .     SeeInvis .   a - +1 falchion
rCold    + . .     Faith    .   (no shield)
rNeg     . . .     Spirit   .   b - +0 leather armour
rPois    .         Reflect  .   (no helmet)
rElec    .         Harm     .   (no cloak)
rCorr    .         Rampage  .   j - +0 pair of gloves
Will     .....                  (no boots)
Stlth    +.........             (no amulet)
HPRegen  0.12/turn              (no ring)
MPRegen  0.09/turn              (no ring)

@: hasted, very quick
A: ignite blood 1, cold resistance 1, deterioration 1, MP-powered wands
a: Renounce Religion, Depart the Abyss


You were on level 2 of the Dungeon.
You worshipped Lugonu.
Lugonu was aware of your devotion.
You visited 1 branch of the dungeon, and saw 3 of its levels.
You visited the Abyss 1 time.

You collected 97 gold pieces.

Inventory:

Hand Weapons
 a - a +1 falchion (weapon)
Armour
 b - a +0 leather armour (worn)
 j - a +0 pair of gloves (worn)
Jewellery
 d - an amulet of guardian spirit
Scrolls
 e - a scroll of fog {unknown}
 f - a scroll of identify {unknown}
 g - a scroll of brand weapon {unknown}
 i - a scroll of teleportation {unknown}


   Skills:
 + Level 4.1 Fighting
 - Level 1.7 Long Blades
 + Level 2.4 Armour
 + Level 1.8 Dodging
 - Level 2.4 Invocations


You had 3 spell levels left.
You didn't know any spells.
Your spell library was empty.

Dungeon Overview and Level Annotations

Branches:
Dungeon (3/15)

Altars:


Innate Abilities, Weirdness & Mutations

Your demonic aura sometimes causes spilled blood to erupt in flames Your flesh is cold resistant. (rC+)
Your body sometimes deteriorates upon taking damage.
You expend magic power (3 MP) to strengthen your wands.


Message History

The orc priest is lightly wounded.
The orc priest calls down the wrath of Beogh upon you.
Beogh smites you!
* * * LOW HITPOINT WARNING * * *
You hit the orc priest.
The orc priest is moderately wounded.
The orc priest hits you with a +0 dagger.
* * * LOW HITPOINT WARNING * * *
You completely miss the orc priest.
The orc priest is moderately wounded.
The orc priest looks satisfied for a moment.
The orc priest hits you with a +0 dagger.
* * * LOW HITPOINT WARNING * * *
You feel better.
The orc priest hits you with a +0 dagger.
* * * LOW HITPOINT WARNING * * *
You hit the orc priest.
The orc priest is heavily wounded.
The orc priest drinks a potion.
The orc priest is healed!
It was a potion of mutation.
You feel extremely strange.
You feel your magical essence link to the dungeon's wands.
You feel yourself wasting away.
You feel resistant to cold.
The orc priest miscasts a cantrip.
You closely miss the orc priest. The orc priest completely misses you.
It was a potion of haste.
You feel yourself speed up.
The orc priest hits you with a +0 dagger.
* * * LOW HITPOINT WARNING * * *
You hit the orc priest.
The orc priest is lightly wounded.
The orc priest closely misses you.
You closely miss the orc priest.
The orc priest is lightly wounded.
You hit the orc priest.
The orc priest is moderately wounded.
The orc priest hits you with a +0 dagger.
* * * LOW HITPOINT WARNING * * *
You closely miss the orc priest.
The orc priest is moderately wounded.
The orc priest hits you with a +0 dagger.
You die...

#.###.# ######.###....#
.#.##.#######.....## ##...#
...............###.###....####
.#...##.#####..####..........#
.....##......................#
.##..##.###.....####.........###
........##.......# #........†..#
........)........# ####...####.#
.####.####.....o@# #...# #.#
......# ##.....##### #...# #.#
.###### ##........# #.#.####.#
.## #...#####.# #.#......# #.#
#.### #.# #.#####..# .## #<# #.#
#.# #...# .# #.# ##.###.# #..##
.# #.# #...##.# #..# .# #(#
#..###.# #..#


You could see an orc priest.

Vanquished Creatures
  3 adders
  2 bats (D:2)
  6 endoplasms
  3 giant cockroaches
  3 goblins
  7 hobgoblins
  2 quokkas
  3 ball pythons
  5 frilled lizards
  3 kobolds
  6 rats
43 creatures vanquished.

Notes
Turn   | Place    | Note
-------+----------+-------------------------------------------
     0 | Abyss:1  | polve the Demonspawn Abyssal Knight began the quest for the
                  | Orb.
     0 | Abyss:1  | Reached XP level 1. HP: 18/18 MP: 2/2
    39 | Abyss:1  | Noticed a neqoxec
    40 | D:1      | Escaped the Abyss
   624 | D:1      | Gained mutation: Your demonic aura sometimes causes spilled
                  | blood to erupt in flames [demonic ancestry]
   624 | D:1      | Reached XP level 2. HP: 18/24 MP: 3/3
   628 | D:1      | Reached * piety under Lugonu
   783 | D:1      | Reached skill level 1 in Dodging
  1082 | D:1      | Found a faded altar of an unknown god.
  1855 | D:2      | Reached XP level 3. HP: 17/30 MP: 4/4
  2289 | D:2      | Reached skill level 4 in Fighting
  2996 | D:3      | Reached XP level 4. HP: 25/37 MP: 5/5
  3154 | D:2      | Gained mutation: You expend magic power (3 MP) to
                  | strengthen your wands. [potion of mutation]
  3154 | D:2      | Gained mutation: Your body sometimes deteriorates upon
                  | taking damage. [potion of mutation]
  3154 | D:2      | Gained mutation: Your flesh is cold resistant. (rC+)
                  | [potion of mutation]
  3159 | D:2      | HP: 1/37 [orc priest/+0 dagger (4)]
  3160 | D:2      | Slain by an orc priest

Illustrated notes

Levels and vault maps discovered:
D:1:      beargit_arrival_diablo_church, layout_loops_ring,
          hellmonk_ecumenical_altar_blasted, serial_co_window_serial,
          co_window_paths_b, co_window_cross_1, co_window_corner_a,
          co_window_corner_a, co_window_corner_a, co_window_broadway_a,
          co_window_2corner, co_window_of_opportunity_b
D:2:      layout_loops_ring, minmay_curled_crystal
D:3:      cheibrodos_greedy_goblins, layout_rooms, serial_bayou_pond_a,
          uniq_crazy_yiuf_cottage

Skill      XL: |  1  2  3 |
---------------+----------+-----
Dodging        | 1 |  1.8
Armour         | 2 |  2.4
Fighting       | 4 |  4.1
Long Blades    | |  1.7
Invocations    | |  2.4

Action                   |  1- 3 |  4- 6 || total
-------------------------+-------+-------++-------
Melee: Falchion          |   120 |    14 ||   134
Invok: Depart the Abyss  |     1 |       ||     1
  Use: Potion            |     1 |     3 ||     4
Armor: Leather armour    |    27 |       ||    27
Dodge: Dodged            |    81 |     7 ||    88
       Rpst.: Falchion   |    26 |     2 ||    28

Table legend: (Time is in decaauts)
 A = Elapsed time spent in this place.
 B = Non-inter-level travel time spent in this place.
 C = Inter-level travel time spent in this place.
 D = Time resting spent in this place.
 E = Time spent auto-exploring this place.
 F = Levels seen in this place.
 G = Mean time per level.
                   A        B        C        D        E       F      G
               +--------+--------+--------+--------+--------+-----+--------+
         Total |   3188 |   3110 |     78 |      0 |   2773 |   4 |  797.0 |
       Dungeon |   3148 |   3070 |     78 |      0 |   2735 |   3 | 1049.3 |
         Abyss |     40 |     40 |      0 |      0 |     38 |   1 |   40.0 |
               +--------+--------+--------+--------+--------+-----+--------+

Top non-repeatable levels by time:
     D:1: 1814 daAuts
     D:2: 1238 daAuts
     D:3: 95 daAuts
 Abyss:1: 40 daAuts
